 Dungeon Crawl Stone Soup version 0.31-a0-702-gf82c85558f (webtiles) character file.

Game seed: 10327395642923808205

1633 qw the Skirmisher (level 8, -12/51 HPs)
             Began as a Gargoyle Hunter on Sept 7, 2023.
             Was an Initiate of Okawaru.
             Mangled by an ogre
             ... wielding a +0 giant club
              (16 damage)
             ... on level 7 of the Dungeon.
             The game lasted 00:02:18 (5171 turns).

qw the Skirmisher (Gargoyle Hunter)                 Turns: 5171, Time: 00:02:19

Health: -12/51     AC: 14    Str: 15    XL:     8   Next: 98%
Magic:  8/8        EV: 11    Int: 10    God:    Okawaru [......]
Gold:   221        SH:  0    Dex: 15    Spells: 7/7 levels left

rFire   . . .        Y - +1 orcbow
rCold   + . .        (shield currently unavailable)
rNeg    + . .        e - +0 ring mail
rPois   inf          (no helmet)
rElec   +            (no cloak)
rCorr   .            (no gloves)
SInv    .            i - +2 pair of boots
Will    .....        (no amulet)
Stlth   +            b - ring of protection from cold
HPRegen 0.28/turn    (no ring)
MPRegen 0.11/turn

%: no passive effects
@: about to teleport
A: sickness immunity, AC +5, negative energy resistance 1, electricity
resistance, torment resistance 1, petrification resistance
a: Renounce Religion


You were on level 7 of the Dungeon.
You worshipped Okawaru.
Okawaru was noncommittal.
You visited 2 branches of the dungeon, and saw 8 of its levels.

You collected 382 gold pieces.
You spent 161 gold pieces at shops.


Innate Abilities, Weirdness & Mutations

You are immune to sickness and miasma.
Your stone body is resilient. (AC +5)
You are immune to poison.
You resist negative energy. (rN+)
You are resistant to electric shocks. (rElec)
You are resistant to unholy torment.
You are immune to petrification.


   Skills:
 - Level 6.0 Fighting
 + Level 9.9 Ranged Weapons
 - Level 2.1 Armour
 - Level 2.7 Dodging
 - Level 1.1 Stealth
 - Level 0.3 Invocations


You had 7 spell levels left.
You didn't know any spells.
Your spell library was empty.

Inventory:

Hand Weapons
 Y - a +1 orcbow (weapon)
Armour
 e - a +0 ring mail (worn)
 i - a +2 pair of boots (worn)
Jewellery
 b - a ring of protection from cold (left hand)
 h - a ring of ice
Scrolls
 a - a scroll of identify
 d - 2 scrolls of teleportation
 j - a scroll of summoning {unknown}
Potions
 c - a potion of enlightenment
 f - a potion of might
 g - a potion of curing
 k - a potion of mutation
 l - a potion of invisibility {unknown}
 m - a potion of haste {unknown}
 n - a potion of resistance {unknown}
 o - a potion of attraction {unknown}

Dungeon Overview and Level Annotations

Branches:
Dungeon (7/15)             Temple (1/1) D:5

Altars:
Ashenzari
Cheibriados
Dithmenos
Elyvilon
Fedhas
Gozag
Hepliaklqana
Kikubaaqudgha
Makhleb
Nemelex Xobeh
Okawaru
Ru
Sif Muna
Trog
Uskayaw
Vehumet
Wu Jian
Xom
Yredelemnul
Zin
The Shining One

Shops:
D:2 (**   D:3 *   D:4 (:*:[[


Message History

You see here an iguana corpse.
You now have enough gold to buy a glowing arbalest on D:2, or buy a scroll of enchant armour on D:2.
You can access your shopping list by pressing '$'.
You now have 221 gold pieces (gained 13).
Found a stone staircase leading down.
j - a scroll labelled SIEWASTR SIUVE You see here a wand of flame (28).
A bullfrog comes into view.
You shoot an arrow. The arrow hits the bullfrog!
The bullfrog gives a loud, deep croak!
The bullfrog is severely wounded.
You shoot an arrow. The arrow hits the bullfrog!
You kill the bullfrog!
Okawaru accepts your kill.
Found a stone staircase leading down.
There is a stone staircase leading down here.
An ogre comes into view. It is wielding a +0 giant club.
You shoot an arrow. The arrow hits the ogre!
The ogre is moderately wounded.
You shoot an arrow. The arrow hits the ogre.
The ogre is moderately wounded.
You shoot an arrow.
The arrow hits the ogre but does no damage.
The ogre is moderately wounded.
The ogre hits you with a +0 giant club!!
You shoot an arrow.
The arrow hits the ogre but does no damage.
The ogre is moderately wounded.
You shoot an arrow. The arrow hits the ogre.
The ogre is heavily wounded.
The ogre hits you with a +0 giant club!!
Ouch! That really hurt!
5169 ||| READING 3 scrolls of teleportation.
As you read the scroll of teleportation, it crumbles to dust.
You feel strangely unstable. The ogre hits you but does no damage.
You shoot an arrow. The arrow barely misses the ogre.
You shoot an arrow. The arrow completely misses the ogre.
The ogre hits you with a +0 giant club!
You die...

################.##.#
#..........## #.##.#
#.######....###.##.#####
#.# #....##.........#
##.### #...............#
#....# #...###.........#
#....# #...# #.........#
#....# #...# #.........#
#....# #...# #.@.......#
.....# #...# ##O########
.....# #...# #.# .....#
####. ... .....# ...
...### .....
.########### ##+##
...........# #.#
...........#####.#


You could see an ogre.

Vanquished Creatures
  Edmund (D:6)
  An ice beast (D:5)
  A black bear (D:5)
  4 ogres
  A phantom (D:6)
  A kobold brigand (D:6)
  A bullfrog (D:7)
  A scorpion (D:5)
  2 howler monkeys
  A jelly (D:6)
  5 orc priests
  2 hounds
  4 iguanas
  An orc wizard (D:6)
  A sleepcap (D:5)
  10 adders
  2 ufetubi
  3 worms (D:5)
  2 dart slugs
  27 orcs
  5 bats
  10 endoplasms
  2 giant cockroaches
  6 goblins
  10 hobgoblins
  2 jackals (D:1)
  15 kobolds
  5 quokkas
  4 ball pythons
  5 frilled lizards
  9 rats
144 creatures vanquished.

Notes
Turn   | Place    | Note
-------+----------+-------------------------------------------
     0 | D:1      | qw the Gargoyle Hunter began the quest for the Orb.
     0 | D:1      | Reached XP level 1. HP: 12/12 MP: 1/1
     0 | D:1      | 0 ||| qw: Version: 0.3-a-76-g4403597
     0 | D:1      | 0 ||| qw: Game counter: 750
     0 | D:1      | 0 ||| qw: Melee chars always use a shield: true
     0 | D:1      | 0 ||| qw: God list: Okawaru
     0 | D:1      | 0 ||| qw: Allow faded altars: false
     0 | D:1      | 0 ||| qw: Do Orc after clearing Dungeon:15 true
     0 | D:1      | 0 ||| qw: Do second Lair branch before Depths: true
     0 | D:1      | 0 ||| qw: Lair rune preference: random
     0 | D:1      | 0 ||| qw: Goals: Normal
     0 | D:1      | 0 ||| PLANNING D:1-11
   257 | D:1      | Reached XP level 2. HP: 17/17 MP: 2/2
   541 | D:1      | Reached XP level 3. HP: 21/21 MP: 3/3
   858 | D:1      | Reached skill level 5 in Ranged Weapons
   952 | D:1      | 952 ||| UPGRADING to +0 ring mail.
   962 | D:1      | 962 ||| DROPPING +0 leather armour.
   963 | D:1      | 963 ||| READING scroll labelled XOGETHROERU.
   964 | D:1      | 964 ||| READING scroll labelled OJILOU QAEL.
   969 | D:1      | 969 ||| READING scroll labelled JELIMIOSCHEW.
   970 | D:1      | 970 ||| READING scroll labelled EKE AMUPEC.
   971 | D:1      | 971 ||| READING scroll labelled HETHRO HOOFAJON.
   972 | D:1      | 972 ||| DROPPING scroll of butterflies.
   999 | D:2      | Found Johick's Assorted Antiques.
  1002 | D:2      | 1002 ||| STAIRDANCE
  1006 | D:1      | Reached skill level 1 in Armour
  1009 | D:2      | 1009 ||| STAIRDANCE
  1023 | D:2      | 1023 ||| STAIRDANCE
  1063 | D:2      | 1063 ||| SHOPLISTING clear potion (26 gold, have 12).
  1063 | D:2      | 1063 ||| SHOPLISTING glowing arbalest (217 gold, have 12).
  1063 | D:2      | 1063 ||| SHOPLISTING scroll of enchant armour (217 gold,
                  | have 12).
  1199 | D:2      | Reached skill level 3 in Fighting
  1199 | D:2      | Reached XP level 4. HP: 25/28 MP: 4/4
  1247 | D:2      | Found Hawet's General Store.
  1256 | D:2      | 1256 ||| BUYING scroll of identify (26 gold).
  1256 | D:2      | Bought a scroll of identify for 26 gold pieces
  1476 | D:2      | Found Imus Jytaupp's Antique Weapon Emporium.
  1484 | D:2      | 1484 ||| SHOPLISTING runed shortbow (150 gold, have 61).
  1484 | D:2      | 1484 ||| SHOPLISTING runed sling (112 gold, have 61).
  1554 | D:2      | 1554 ||| UPGRADING to ring of protection from cold.
  1555 | D:2      | 1555 ||| READING 4 scrolls of identify.
  1555 | D:2      | 1555 ||| IDENTIFYING fuming red potion
  1556 | D:2      | 1556 ||| READING 3 scrolls of identify.
  1556 | D:2      | 1556 ||| IDENTIFYING metallic blue potion
  1557 | D:2      | 1557 ||| READING 2 scrolls of identify.
  1557 | D:2      | 1557 ||| IDENTIFYING lumpy silvery potion
  1558 | D:2      | 1558 ||| DROPPING potion of degeneration.
  1653 | D:3      | Found Ahox's Assorted Antiques.
  1671 | D:3      | 1671 ||| BUYING metallic inky potion (15 gold).
  1671 | D:3      | Bought a metallic inky potion for 15 gold pieces
  1671 | D:3      | 1671 ||| SHOPLISTING runed scarf (136 gold, have 54).
  1671 | D:3      | 1671 ||| BUYING scroll labelled CEUTZIAHAPP (17 gold).
  1671 | D:3      | Bought a scroll labelled CEUTZIAHAPP for 17 gold pieces
  1671 | D:3      | 1671 ||| SHOPLISTING shimmering sling (110 gold, have 37).
  2015 | D:3      | Found a faded altar of an unknown god.
  2022 | D:3      | Reached XP level 5. HP: 32/32 MP: 5/5
  2096 | D:3      | Reached skill level 6 in Ranged Weapons
  2114 | D:3      | 2114 ||| FLEEEEING.
  2115 | D:3      | 2115 ||| FLEEEEING.
  2362 | D:3      | 2362 ||| READING scroll labelled CEUTZIAHAPP.
  2363 | D:3      | 2363 ||| READING scroll labelled ITUOVVI SANU.
  2364 | D:3      | 2364 ||| DRINKING 2 metallic inky potions.
  2430 | D:4      | Reached XP level 6. HP: 32/38 MP: 6/6
  2456 | D:4      | Found Xoyschoru's Armour Shop.
  2490 | D:4      | 2490 ||| BUYING +0 pair of boots (54 gold).
  2490 | D:4      | Bought a +0 pair of boots for 54 gold pieces
  2490 | D:4      | 2490 ||| SHOPLISTING +3 leather armour of fire resistance
                  | (288 gold, have 114).
  2638 | D:4      | Found Gauh's Antique Armour Shop.
  2647 | D:4      | 2647 ||| SHOPLISTING pair of gloves (130 gold, have 123).
  2647 | D:4      | 2647 ||| SHOPLISTING shimmering robe (165 gold, have 123).
  2681 | D:4      | Found Jishrib's Book Boutique.
  2736 | D:4      | Found Tomioc's Overcharged Wands.
  2749 | D:4      | Found Ili Jeof's Book Emporium.
  2858 | D:4      | Found Henaom's Weapon Boutique.
  2881 | D:4      | 2881 ||| BUYING +0 orcbow (49 gold).
  2881 | D:4      | Bought a +0 orcbow for 49 gold pieces
  2881 | D:4      | 2881 ||| SWAPPING to +0 orcbow.
  2882 | D:4      | 2882 ||| DROPPING +0 shortbow.
  3160 | D:4      | 3160 ||| UPGRADING to +0 pair of boots.
  3165 | D:4      | 3165 ||| READING scroll labelled PEOQAK IZOMUM.
  3166 | D:4      | 3166 ||| READING 3 scrolls of identify.
  3166 | D:4      | 3166 ||| IDENTIFYING dark potion
  3167 | D:4      | 3167 ||| READING 2 scrolls of identify.
  3167 | D:4      | 3167 ||| IDENTIFYING glowing red potion
  3168 | D:4      | 3168 ||| DROPPING potion of brilliance.
  3208 | D:5      | Entered Level 5 of the Dungeon
  3224 | D:5      | Found a sacrificial altar of Ru.
  3254 | D:5      | Reached skill level 7 in Ranged Weapons
  3254 | D:5      | Reached XP level 7. HP: 25/43 MP: 7/7
  3326 | D:5      | 3326 ||| READING scroll of enchant armour.
  3326 | D:5      | 3326 ||| ENCHANTING +0 pair of boots.
  3329 | D:5      | Found a hide-covered altar of Uskayaw.
  3577 | D:5      | Reached skill level 8 in Ranged Weapons
  3711 | D:5      | Reached XP level 8. HP: 49/49 MP: 8/8
  3749 | D:5      | Found a staircase to the Ecumenical Temple.
  3750 | D:5      | 3750 ||| PLANNING TEMPLE
  3750 | D:5      | 3750 ||| READING scroll labelled LESIUMIHIM.
  3758 | Temple   | Entered the Ecumenical Temple
  3759 | Temple   | 3759 ||| PLANNING OKAWARU WORSHIP
  3773 | Temple   | Became a worshipper of Warmaster Okawaru
  3774 | Temple   | 3774 ||| PLANNING D:1-11
  4079 | D:5      | 4079 ||| READING scroll labelled VEAZU RETOCW.
  4080 | D:5      | 4080 ||| READING scroll labelled MIFUSTO NUIN.
  4118 | D:6      | 4118 ||| Stepping ~*~*~tactically~*~*~ (outnumbered).
  4125 | D:6      | 4125 ||| Stepping ~*~*~tactically~*~*~ (retreating).
  4126 | D:6      | 4126 ||| Stepping ~*~*~tactically~*~*~ (retreating).
  4127 | D:6      | 4127 ||| Stepping ~*~*~tactically~*~*~ (retreating).
  4128 | D:6      | 4128 ||| Stepping ~*~*~tactically~*~*~ (retreating).
  4129 | D:6      | 4129 ||| STAIRDANCE
  4234 | D:6      | 4234 ||| STAIRDANCE
  4249 | D:6      | 4249 ||| STAIRDANCE
  4326 | D:6      | Reached skill level 9 in Ranged Weapons
  4414 | D:6      | Reached * piety under Okawaru
  4575 | D:6      | 4575 ||| INVOKING Heroism.
  4576 | D:6      | 4576 ||| RETREATING.
  4585 | D:6      | Reached skill level 6 in Fighting
  4793 | D:6      | Noticed Edmund
  4794 | D:6      | 4794 ||| INVOKING Heroism.
  4805 | D:6      | Killed Edmund
  4858 | D:6      | 4858 ||| UPGRADING to +2 pair of boots.
  4868 | D:6      | 4868 ||| DROPPING +1 pair of boots.
  5168 | D:7      | HP: 3/51 [ogre/+0 giant club (26)]
  5169 | D:7      | 5169 ||| READING 3 scrolls of teleportation.
  5171 | D:7      | Mangled by an ogre

Levels and vault maps discovered:
D:1:      dpeg_cavernosity, layout_loops_corners
D:2:      layout_rooms, serial_shops, nicolae_shop_peninsula, shop, shop
D:3:      layout_basic, basic_ecumenical_altar, serial_shops,
          nicolae_square_shop
D:4:      layout_gridville, serial_shops, nicolae_shop_trees,
          nicolae_diamond_shop, shop, shop, shop, nicolae_shop_overcharged_wands
D:5:      layout_basic, mainiacjoe_overflow_large_starburst,
          minmay_temple_entry_mist, serial_bayou, serial_bayou_pond_c,
          serial_bayou_pond_d, serial_bayou_pond_c, serial_bayou_shore_a,
          hangedman_decor_diamond_cutter
D:6:      layout_loops_ring, uniq_edmund
D:7:      layout_basic, dreamdust_mushroom_princess
Temple:   hellmonk_temple_of_storms

Skill      XL: |  1  2  3  4  5  6  7  8 |
---------------+-------------------------+-----
Ranged Weapons | 5 6 7 8 9 |  9.9
Armour         | 1 2 |  2.1
Fighting       | 3 4 5 6 |  6.0
Dodging        | 2 |  2.7
Stealth        | |  1.1
Invocations    | |  0.3

Action                     |  1- 3 |  4- 6 |  7- 9 || total
---------------------------+-------+-------+-------++-------
   Fire: Shortbow          |    96 |   211 |       ||   307
         Orcbow            |       |    46 |   208 ||   254
 Invoke: Heroism           |       |       |     2 ||     2
    Use: Scroll            |     5 |     8 |     5 ||    18
         Potion            |       |     1 |       ||     1
 Armour: Leather armour    |    22 |       |       ||    22
         Ring mail         |    15 |   106 |    79 ||   200
  Dodge: Dodged            |    19 |    99 |    72 ||   190

Table legend:
 A = Non-vault XP
 B = Vault XP
 C = Vault XP percentage of total XP
 D = Non-vault monster count
 E = Vault monster count
 F = Vault count percentage of total count
                 A         B        C        D         E       F
            +---------+---------+-------+---------+---------+-------
      Total |    2163 |     171 |   7.3 |     139 |       5 |   3.5
            +---------+---------+-------+---------+---------+-------
        D:1 |      49 |       7 |  12.5 |      23 |       4 |  14.8
        D:2 |      93 |       0 |   0.0 |      26 |       0 |   0.0
        D:3 |      88 |       0 |   0.0 |      22 |       0 |   0.0
        D:4 |     301 |       0 |   0.0 |      24 |       0 |   0.0
        D:5 |     975 |       0 |   0.0 |      28 |       0 |   0.0
        D:6 |     530 |     164 |  23.6 |      14 |       1 |   6.7
        D:7 |     127 |       0 |   0.0 |       2 |       0 |   0.0
            +---------+---------+-------+---------+---------+-------
